Map: Kairos Junction LE

Players

pralinas

  • Race: Terran Terran
  • League: Platinum
  • Spawn Location: 11:00

Woah - Winner!

  • Race: Terran Terran
  • Spawn Location: 5:00

VOD

Have the link to the VOD?

Description

Time

  • Played on: June 14, 2019, 12:19 p.m.
  • Length: 14:53
Show
View Real Time Build Order
Export as new Build Order

pralinas Terran 

Build Orders:  

Get SALT Encoding   

  12  0:02  SCV  
  14  0:14  SCV  
  14  0:19  Supply Depot  
  14  0:26  SCV  
  15  0:41  SCV  
  15  0:42  Barracks  
  16  0:46  Refinery  
  16  0:58  Barracks  
  16  1:01  SCV  
  17  1:14  SCV  
  18  1:30  SCV, Supply Depot  
  19  1:34  Reaper  
  20  1:45  Orbital Command  
  20  1:47  Reaper  
  21  2:13  Command Center, Marine  
  22  2:22  Refinery, Marine  
  25  2:58  Reaper x2  
  24  2:59  SCV  
  24  3:02  Factory  
  26  3:08  Barracks  
  26  3:11  SCV  
  27  3:23  SCV  
  28  3:32  SCV  
  29  3:35  SCV  
  30  3:44  Marine  
  30  3:45  Barracks Tech Lab  
  30  3:46  Orbital Command  
  31  3:54  Engineering Bay  
  31  4:04  Bunker  
  30  4:21  Marine x2  
  30  4:23  Marauder  
  33  4:56  Marine x2  
  33  4:57  Marauder  
  33  4:59  Factory Reactor  
  37  5:00  Factory Tech Lab  
  37  5:10  Starport, Missile Turret  
  37  5:12  Missile Turret  
  37  5:17  SCV x2, Missile Turret  
  37  5:18  Missile Turret  
  39  5:25  Marine x3  
  38  5:40  Missile Turret  
  32  5:55  SCV x2  
  32  5:57  Siege Tank  
  35  6:00  Marine x2  
  35  6:01  Marauder  
  39  6:21  Barracks Reactor  
  39  6:22  Marauder  
  39  6:24  Barracks Reactor  
  41  6:25  Terran Infantry Weapons Level 1  
  41  6:29  Medivac  
  43  6:44  SCV x2  
  45  6:47  Supply Depot  
  45  7:06  Command Center  
  45  7:08  Barracks  
  45  7:10  Barracks, Supply Depot  
  45  7:14  Marine x2, Supply Depot x2  
  45  7:15  Marine x2  
  49  7:16  Marauder  
  49  7:17  Stimpack  
  49  7:18  Siege Tank  
  53  7:53  Supply Depot x3  
  53  8:15  Viking  
  55  8:38  Starport  
  55  8:44  Marine x2  
  55  8:45  Viking, Supply Depot, Marine x2  
  55  8:46  Marauder, Supply Depot  
  63  9:20  Viking  
  63  9:21  Medivac  
  63  9:22  Marine x4  
  63  9:23  Marauder  
  73  9:24  Barracks Reactor  
  73  9:25  Barracks Tech Lab  
  68  10:21  Marine  
  68  10:22  Marine x5  
  68  10:23  Marauder, Viking x2  
  80  10:39  Terran Infantry Armor Level 1  
  80  10:42  Armory  
  79  11:07  Viking  
  79  11:08  Starport Reactor  
  78  11:18  Siege Tank  
  81  11:26  Liberator  
  81  11:31  SCV x2  
  83  11:46  SCV  
  87  11:58  SCV  
  88  12:05  Marine x4  
  92  12:09  Liberator  
  92  12:11  SCV  
  92  12:13  Supply Depot  
  92  12:14  Supply Depot  
  93  12:17  Supply Depot  
  93  13:05  Missile Turret  
  93  13:09  Missile Turret  
  93  13:13  Sensor Tower  
  93  13:28  Starport  
  93  13:31  Fusion Core  
  93  13:37  Refinery  
  93  13:39  Refinery  
  93  13:43  SCV x2  
  93  13:47  Supply Depot  
  95  13:49  Supply Depot  
Show
View Real Time Build Order
Export as new Build Order

Woah Terran - Winner!

Build Orders:  

Get SALT Encoding   

  12  0:01  SCV  
  13  0:13  SCV  
  14  0:17  Supply Depot  
  14  0:25  SCV  
  15  0:30  Refinery  
  15  0:39  SCV  
  16  0:46  Barracks  
  16  0:54  SCV  
  17  0:57  Refinery  
  17  1:06  SCV  
  18  1:18  SCV  
  19  1:32  Orbital Command  
  19  1:34  Factory  
  19  1:37  Reaper  
  20  1:48  Supply Depot  
  20  1:58  SCV  
  21  2:09  Reaper  
  21  2:13  SCV  
  23  2:22  Hellion  
  25  2:25  SCV  
  26  2:41  Reaper  
  27  2:56  SCV  
  27  2:57  Command Center  
  30  3:00  Hellion, Starport  
  30  3:08  SCV  
  31  3:16  Supply Depot  
  31  3:28  SCV  
  31  3:29  Barracks Reactor, Factory Tech Lab  
  32  3:40  SCV  
  33  3:42  Starport Tech Lab  
  33  3:43  Barracks  
  33  3:44  Barracks  
  33  3:52  SCV  
  34  3:58  Siege Tank  
  37  4:04  SCV  
  38  4:18  SCV x2  
  38  4:19  Marine x2  
  42  4:30  SCV, Siege Tank  
  46  4:42  Orbital Command  
  46  4:44  Raven  
  48  4:46  Marine  
  48  4:47  Barracks Tech Lab  
  49  4:53  SCV  
  49  4:59  Refinery  
  50  5:03  Refinery  
  50  5:04  Engineering Bay  
  50  5:05  SCV  
  51  5:08  Barracks Reactor  
  51  5:09  Marine x2  
  49  5:30  Viking  
  49  5:50  SCV x2  
  50  5:59  Stimpack  
  50  6:02  SCV x2  
  52  6:05  Siege Tank  
  52  6:07  Marine x2  
  52  6:08  Command Center, Marine  
  58  6:14  SCV  
  58  6:15  SCV  
  58  6:18  Combat Shield  
  60  6:26  SCV  
  60  6:27  SCV  
  62  6:55  Supply Depot x2  
  62  6:57  Supply Depot  
  62  7:16  Medivac, Marine x4  
  62  7:17  SCV x2, Medivac  
  72  7:29  SCV x2  
  74  7:31  Barracks  
  74  7:32  Barracks x2  
  74  7:34  Marine x4, Barracks  
  78  7:39  Supply Depot  
  78  7:40  Terran Infantry Weapons Level 1  
  78  7:41  SCV x2  
  80  7:45  Engineering Bay  
  80  7:52  Marine x3  
  80  7:53  SCV x2  
  80  7:56  Marine  
  82  8:05  SCV  
  83  8:10  Marine x3  
  86  8:14  Marine  
  87  8:26  Barracks Reactor x3  
  87  8:28  Marine  
  87  8:32  Factory, Barracks Reactor  
  87  8:33  SCV x2  
  90  8:34  Siege Tank  
  93  8:41  Terran Infantry Armor Level 1  
  93  8:42  Armory  
  93  8:44  Missile Turret x2, Barracks Reactor  
  93  8:45  SCV  
  93  8:47  Orbital Command  
  94  8:52  Marine  
  94  8:53  Marine x2  
  97  9:06  Marine x6  
  103  9:10  Marine x2  
  105  9:27  Viking x2  
  80  10:18  Marine x11  
  87  10:35  Marine  
  87  10:36  Marine x9  
  87  10:38  SCV x2, Barracks, Refinery  
  87  10:39  SCV, Barracks x2  
  100  10:45  Terran Infantry Weapons Level 2, Terran Infantry Armor Level 2  
  100  10:49  Command Center  
  100  10:50  SCV x2  
  100  10:51  SCV  
  100  10:54  Siege Tank  
  100  10:56  Siege Tank  
  109  11:02  SCV x2  
  109  11:04  SCV  
  108  11:14  SCV  
  109  11:35  Barracks Reactor  
  109  11:36  Barracks Reactor  
  109  11:37  Barracks Reactor  
  109  11:41  Supply Depot  
  109  11:42  Supply Depot  
  109  11:45  Refinery  
  109  11:54  Supply Depot  
  109  11:56  Supply Depot  
  109  11:57  Barracks  
  109  11:58  Supply Depot, Marine x2  
  109  12:00  SCV x3, Siege Tank, Marine x9  
  121  12:05  Siege Tank  
  124  12:14  Starport  
  124  12:15  Starport  
  124  12:16  Starport, Marine x2  
  124  12:18  Marine x7  
  124  12:22  Medivac x2  
  137  12:23  SCV  
  137  12:24  Concussive Shells  
  137  12:27  Terran Vehicle Weapons Level 1  
  138  12:34  SCV, Marine  
  138  12:35  Marine x7  
  138  12:36  Marine x2  
  149  12:41  Planetary Fortress, Command Center  
  149  12:59  Starport Reactor, Starport Tech Lab  
  149  13:01  Starport Reactor  
  149  13:05  Command Center  
  149  13:06  Sensor Tower  
  149  13:10  Refinery x2  
  149  13:12  Fusion Core  
  146  14:07  Marine  
  146  14:08  Marine x16  
  146  14:09  Siege Tank x2  
  173  14:25  Marine  
  173  14:26  Marine x3  
Tags
 
League
Platinum
Matchup
TvT
Race
Terran
Replay Pack
r1
Spawn Locations
Cross Positions
Add a new tag
Caveats
  • Supply blocks, unpowered buildings, or Contaminate may cause inaccurate times.
  • Supply counts are checked every 10 seconds.